 Dungeon Crawl Stone Soup version 0.17.2 (webtiles) character file.

6680 ololoev the Slicer (level 10, -45/70 HPs)
             Began as a Mummy Chaos Knight on May 31, 2016.
             Killed from afar by a hill giant (66 damage)
             ... with an exploding inner flame
             ... hexed by the player character
             ... on level 10 of the Dungeon.
             The game lasted 00:21:54 (10985 turns).

ololoev the Slicer (Mummy Chaos Knight)            Turns: 10985, Time: 00:21:54

Health: -45/70     AC: 18    Str: 15    XL:     10   Next: 73%
Magic:  10/10      EV:  3    Int: 11    God:    Xom [.....*]
Gold:   351        SH: 10    Dex: 12    Spells: 0 memorised, 9 levels left

rFire  x . .     SeeInvis .     k - +5 rapier "Fonou" {distort, MR+}
rCold  + + +     Clarity  +     x - +0 plate armour
rNeg   + + +     SustAt   .     c - +0 shield
rPois  ∞         Gourm    .     r - +1 helmet
rElec  .         Spirit   .     p - +0 cloak
rCorr  .         Warding  .     (no gloves)
rMut   .         Stasis   .     (no boots)
MR     ++...                    z - amulet of Ucze Uhi {Clar rPois rC++ Str-4}
Stlth  ..........               (no ring)
                                w - +2 ring of protection

@: very resistant to hostile enchantments, extremely unstealthy
A: no food or potions, fire vulnerability, cold resistance 1, negative energy
resistance 3, torment resistance, unbreathing
a: Renounce Religion


Innate Abilities, Weirdness & Mutations

You do not eat or drink.
Your flesh is vulnerable to fire.
You are immune to poison.
Your flesh is cold resistant.
You are immune to negative energy.
You are immune to unholy pain and torment.
You can survive without breathing.

Inventory:

Hand Weapons
 a - a +9 quick blade
 b - a +0 mace of chaos
 k - the +5 rapier "Fonou" (weapon) {distort, MR+}
   (You found it on level 7 of the Dungeon)

   It warps and distorts space around it.
   Unwielding it can cause banishment or high damage.
   It affects your resistance to hostile enchantments.
Armour
 c - a +0 shield (worn)
 p - a +0 cloak (worn)
 r - a +1 helmet (worn)
 x - a +0 plate armour (worn)
Jewellery
 w - a +2 ring of protection (left hand)
 z - the amulet of Ucze Uhi (around neck) {Clar rPois rC++ Str-4}
   (You found it on level 8 of the Dungeon)

   [amulet of clarity]

   It provides mental clarity.
   It affects your strength (-4).
   It greatly protects you from cold.
   It protects you from poison.
Wands
 n - a wand of digging (20)
 t - a wand of disintegration (5)
Scrolls
 d - 3 scrolls of recharging
 e - 2 scrolls of magic mapping
 f - 5 scrolls of identify
 g - 4 scrolls of fear
 i - a scroll of fog
 j - 2 scrolls of teleportation
 m - 2 scrolls of blinking
 o - a scroll of immolation
 q - 2 scrolls of remove curse
 u - a scroll of enchant armour
 v - a scroll of amnesia
Books
 y - a book of Ice

   Spells                             Type                      Level
   a - Ice Form                       Ice/Transmutation            4
   b - Metabolic Englaciation         Hexes/Ice                    5
   c - Ozocubu's Refrigeration        Ice                          6
   d - Bolt of Cold                   Conjuration/Ice              6
   e - Freezing Cloud                 Conjuration/Ice/Air          6
   f - Simulacrum                     Ice/Necromancy               6


   Skills:
 - Level 3.0 Fighting
 * Level 8.2 Short Blades
 - Level 6.0 Maces & Flails
 + Level 6.9 Armour
 - Level 0.7 Dodging
 + Level 6.8 Shields


You had 9 spell levels left.
You didn't know any spells.


You were on level 10 of the Dungeon.
You worshipped Xom.
You were Xom's teddy bear.
You were not hungry.

You visited 1 branch of the dungeon, and saw 10 of its levels.

You collected 351 gold pieces.

#######........####'###.
#..............#.)....#.
#.#..##!#####..#......#.
##......##§..##.#..(...#.
#..####.#§§§%.#.#......#.
#.## ###§§§§.#........#.
#.# §§§§%#........#. #.#
+#§§§§##.########. #.##
#@#####...........
#..#####'#...............
##....##.##..............
###..#..†'..............
#..##.##..#####.......
#...###...# #.......
#.#.......# #.......
#.........# #.......
#####.....# #.......

Notes
Turn   | Place    | Note
--------------------------------------------------------------
     0 | D:1      | ololoev the Mummy Chaos Knight began the quest for the Orb.
     0 | D:1      | Reached XP level 1. HP: 18/18 MP: 1/1
   193 | D:1      | Reached XP level 2. HP: 24/24 MP: 2/2
   243 | D:1      | XOM: silly message
   268 | D:1      | XOM: god gift: dog-eared paperback book {god gift}
   468 | D:2      | XOM: divination: detect creatures
   622 | D:2      | XOM: 1-stop teleportation journey
   663 | D:2      | Found a sacrificial altar of Ru.
  1010 | D:2      | Found an ancient bone altar of Kikubaaqudgha.
  1010 | D:2      | Found a sparkling altar of Nemelex Xobeh.
  1041 | D:2      | XOM: colour smoke trail
  1437 | D:3      | Reached XP level 3. HP: 29/29 MP: 3/3
  1443 | D:3      | Found an iron altar of Okawaru.
  1491 | D:3      | Found a deep blue altar of Sif Muna.
  1562 | D:3      | XOM: divination: detect creatures
  1607 | D:3      | XOM: divination: detect creatures
  1614 | D:3      | XOM: enchant monster (good)
  1625 | D:3      | Reached skill level 1 in Shields
  1639 | D:3      | Reached XP level 4. HP: 14/35 MP: 4/4
  1978 | D:3      | XOM: summons friendly iron imp
  2034 | D:3      | XOM: god gift: pink potion
  2429 | D:4      | Reached XP level 5. HP: 31/41 MP: 5/5
  2456 | D:4      | Reached skill level 4 in Maces & Flails
  2720 | D:4      | Noticed Goblin1989's ghost (weakling GrGl)
  2720 | D:4      | XOM: summons friendly shadow imp
  2745 | D:4      | XOM: mild Divn miscast
  2832 | D:4      | Found a glowing silver altar of Zin.
  2926 | D:4      | Noticed an ogre
  2942 | D:4      | Killed an ogre
  2942 | D:4      | Reached XP level 6. HP: 26/47 MP: 6/6
  3050 | D:4      | XOM: mild Fire miscast
  3250 | D:4      | Found a staircase to the Ecumenical Temple.
  3364 | D:4      | Noticed Grinder
  3365 | D:4      | Paralysed by Grinder for 4 turns
  3389 | D:4      | Killed Grinder
  3389 | D:4      | Reached skill level 5 in Maces & Flails
  3390 | D:4      | Reached XP level 7. HP: 45/52 MP: 7/7
  3508 | D:4      | XOM: smoke on damage
  3728 | D:3      | XOM: harmless Conj miscast
  3733 | D:3      | Found a burning altar of Makhleb.
  3829 | D:4      | XOM: repel stairs
  3879 | D:4      | XOM: mild Conj miscast
  3889 | D:4      | Killed Goblin1989's ghost
  3960 | D:4      | XOM: medium Trmt miscast
  4035 | D:4      | XOM: mild Trmt miscast
  4113 | D:5      | Entered Level 5 of the Dungeon
  4150 | D:5      | Noticed Goblin1989's ghost (amateur GrGl)
  4169 | D:5      | XOM: cast spell 'Metabolic Englaciation'
  4185 | D:5      | XOM: cast spell 'Cause Fear'
  4187 | D:5      | XOM: divination: magic mapping
  4194 | D:5      | XOM: silly message
  4198 | D:5      | XOM: confuse monster(s)
  4379 | D:4      | XOM: divination: detect creatures
  4668 | D:4      | XOM: harmless Erth miscast
  4843 | D:5      | XOM: harmless Summ miscast
  4940 | D:5      | XOM: summons friendly crimson imp
  4978 | D:5      | XOM: summons 3 friendly demons
  5205 | D:4      | XOM: god gift: viscous emerald potion
  5256 | D:5      | XOM: enchant monster (good)
  5273 | D:5      | XOM: confuse monster(s)
  5287 | D:5      | Killed Goblin1989's ghost
  5543 | D:5      | XOM: fog
  5549 | D:5      | XOM: divine lightning (protected)
  5560 | D:5      | XOM: summons 7 friendly demons
  5797 | D:5      | Noticed Sigmund
  5883 | D:6      | XOM: smoke on damage
  5903 | D:6      | Reached skill level 6 in Maces & Flails
  5913 | D:6      | XOM: god gift: glowing quick blade {god gift}
  5914 | D:6      | XOM: summons 7 friendly demons
  6024 | D:6      | XOM: medium Necr miscast
  6025 | D:6      | Noticed a shadow
  6025 | D:6      | Noticed a shadow
  6055 | D:6      | XOM: 1-stop teleportation journey
  6105 | D:5      | Reached XP level 8. HP: 42/58 MP: 8/8
  6130 | D:5      | XOM: noise
  6170 | D:5      | Reached skill level 1 in Short Blades
  6240 | D:5      | XOM: summons 4 hostile demons
  6241 | D:5      | Noticed an orange demon
  6267 | D:6      | XOM: colour smoke trail
  6521 | D:6      | XOM: fog
  6665 | D:6      | XOM: divination: detect creatures
  6774 | D:6      | XOM: cast spell 'Blink'
  6935 | D:6      | XOM: 7-stop teleportation journey
  6986 | D:6      | XOM: vitrification
  7234 | D:6      | XOM: vitrification
  7242 | D:6      | XOM: swap monsters
  7639 | D:7      | XOM: summons friendly hellwing
  7816 | D:7      | Reached skill level 5 in Armour
  7819 | D:7      | Found a stormy altar of Qazlal.
  8029 | D:7      | XOM: vitrification
  8054 | D:7      | XOM: 1-stop teleportation journey
  8161 | D:7      | Reached XP level 9. HP: 63/63 MP: 9/9
  8192 | D:7      | XOM: summons 9 friendly demons
  8223 | D:7      | XOM: polymorph white imp -> iron imp
  8278 | D:7      | XOM: divine lightning (protected)
  8552 | D:7      | Got a slimy rapier
  8553 | D:7      | Identified the +5 rapier "Fonou" {distort, MR+} (You found it on level 7 of the Dungeon)
  8615 | D:8      | XOM is BORED!
  8615 | D:8      | XOM: confusion (+ monsters)
  8620 | D:8      | XOM: god gift: 54 gold pieces
  8627 | D:8      | Reached skill level 5 in Short Blades
  8633 | D:8      | Reached skill level 5 in Shields
  8678 | D:8      | XOM: god gift: 31 gold pieces
  8727 | D:8      | Found a staircase to the Lair.
  8836 | D:8      | Got a vibrating steel amulet
  8837 | D:8      | Identified the amulet of Ucze Uhi {Clar rPois rC++ Str-4} (You found it on level 8 of the Dungeon)
  8895 | D:8      | Found a white marble altar of Elyvilon.
  8895 | D:8      | XOM: 1-stop teleportation journey
  8998 | D:8      | XOM: 5-stop teleportation journey
  9056 | D:8      | Found a glowing golden altar of the Shining One.
  9279 | D:8      | XOM: swap monsters
  9501 | D:9      | XOM is BORED!
  9501 | D:9      | XOM: mild Divn miscast
  9542 | D:9      | Noticed a gargoyle
  9627 | D:9      | XOM: enchant monster (good)
  9729 | D:9      | XOM: scenery: create altars
  9765 | D:9      | Noticed Erolcha
  9814 | D:9      | XOM: fake destruction
  9816 | D:9      | XOM: swap monsters
  9837 | D:9      | XOM: vitrification
  9840 | D:9      | HP: 3/63 [something (21)]
  9845 | D:9      | Killed Erolcha
  9845 | D:9      | Reached XP level 10. HP: 2/70 MP: 10/10
 10178 | D:9      | XOM: god gift: glowing onyx ring {god gift}
 10196 | D:9      | XOM: summons friendly crimson imp
 10210 | D:9      | XOM: god gift: scroll labeled WYNIERCH PEUKKE
 10219 | D:9      | Killed a gargoyle
 10219 | D:9      | Reached skill level 7 in Short Blades
 10299 | D:9      | Noticed Grum
 10326 | D:9      | Killed Grum
 10349 | D:9      | XOM: 3-stop teleportation journey
 10498 | D:9      | XOM: vitrification
 10513 | D:9      | XOM: vitrification
 10570 | D:10     | Entered Level 10 of the Dungeon
 10570 | D:10     | Found a staircase to the Orcish Mines.
 10575 | D:10     | XOM: destruction
 10578 | D:10     | Noticed a hill giant
 10648 | D:10     | XOM: fog
 10663 | D:10     | XOM: cast spell 'Cause Fear'
 10797 | D:10     | XOM: god gift: viscous amethyst potion
 10801 | D:10     | Reached skill level 8 in Short Blades
 10845 | D:10     | XOM: summons 2 hostile shadow creatures
 10862 | D:10     | XOM: colour smoke trail
 10894 | D:10     | XOM: scenery: 1 doors open, 1 doors close
 10982 | D:10     | Noticed a hill giant
 10985 | D:10     | Killed a hill giant
 10985 | D:10     | Killed from afar by a hill giant

Dungeon Overview and Level Annotations

Branches:
Dungeon (10/15)            Temple (0/1) D:4            Lair (0/8) D:8
    Orc (0/4) D:10

Altars:
Elyvilon
Kikubaaqudgha
Makhleb
Nemelex Xobeh
Okawaru
Qazlal
Ru
Sif Muna
Xom
Zin
The Shining One

Annotations:
D:5 Sigmund


Message History

Unknown command.
Unknown command.
Evoke which item? (* to show all) (? for menu, Esc to quit)
Okay, then.
Read which item? (? for menu, Esc to quit)
As you read the scroll of immolation, it crumbles to dust.
The creatures around you are filled with an inner flame!
The jelly hits you but does no damage.
You completely miss the jelly. You block the jelly's attack.
You puncture the jelly!
Space warps horribly around the jelly!
The jelly explodes!
The fiery explosion engulfs you! The fire burns you terribly!
Xom roars with laughter!
Ouch! That really hurt!
The fiery explosion engulfs the hill giant.
The hill giant is moderately wounded.
The fiery explosion engulfs the centaur.
The centaur explodes!
The fiery explosion engulfs the orc.
The orc explodes!
The fiery explosion engulfs the big kobold.
The big kobold explodes!
The fiery explosion engulfs the scorpion.
The scorpion explodes!
The fiery explosion engulfs the worker ant.
The worker ant explodes!
The fiery explosion engulfs the water moccasin.
The water moccasin explodes!
The fiery explosion engulfs the hill giant.
The hill giant is heavily wounded.
The fiery explosion engulfs the orc priest.
The orc priest is severely wounded.
The fiery explosion engulfs the hill giant.
The hill giant explodes!
The fiery explosion engulfs the orc priest.
The orc priest explodes!
The fiery explosion engulfs you! The fire burns you terribly!
Ouch! That really hurt!
You die...
Xom chortles!

There were no monsters in sight!

Vanquished Creatures
  Erolcha (D:9)
  A gargoyle (D:9)
  Grinder (D:4)
  4 yaks (D:10)
  A spriggan (D:7)
  A deep elf mage (D:10)
  A wyvern (D:9)
  A steam dragon (D:9)
  Grum (D:9)
  A water moccasin (D:10)
  3 wolves (D:9)
  A hippogriff (D:8)
  An ice beast (D:6)
  A sky beast (D:9)
  3 ogres
  An orc warrior (D:7)
  The ghost of Goblin1989 the Cudgeler, an amateur GrGl of Makhleb (D:5)
  4 centaurs
  2 big kobolds
  A crocodile (D:8)
  3 giant frogs
  4 scorpions
  8 wights
  2 crimson imps (D:8)
  2 orc priests
  The ghost of Goblin1989 the Cudgeler, a weakling GrGl of Okawaru (D:4)
  2 quasits
  A centaur skeleton (D:4)
  A centaur zombie (D:6)
  2 giant frog skeletons
  6 hounds
  3 orc wizards
  3 worker ants
  A hound skeleton (D:4)
  2 worker ant zombies
  6 gnolls (D:5)
  15 adders
  A shadow imp (D:6)
  3 oozes
  An adder zombie (D:6)
  An adder skeleton (D:4)
  A worm (D:3)
  4 giant geckos
  26 orcs
  7 giant cockroaches
  4 goblins
  6 hobgoblins
  6 jackals
  5 kobolds
  6 quokkas
  8 bats
  A giant gecko zombie (D:8)
  2 jackal skeletons
  A quokka skeleton (D:7)
  12 rats
188 creatures vanquished.

Vanquished Creatures (collateral kills)
  A sky beast (D:7)
  An ogre (D:7)
  A scorpion (D:7)
  A wight (D:7)
  A crimson imp (D:6)
  A worker ant (D:7)
  A killer bee zombie (D:7)
  2 gnolls (D:5)
  A shadow imp (D:6)
10 creatures vanquished.

Vanquished Creatures (others)
  A centaur zombie (D:10)
  A hungry ghost (D:8)
  A hippogriff (D:7)
  A sky beast (D:8)
  A gnoll shaman (D:5)
  An orc priest (D:8)
  2 gnolls (D:5)
  A giant newt (D:7)
9 creatures vanquished.

Grand Total: 207 creatures vanquished

Action                   |  1- 3 |  4- 6 |  7- 9 | 10-12 || total
-------------------------+-------+-------+-------+-------++-------
Melee: Mace              |   147 |   149 |   285 |       ||   581
       Quick blade       |       |       |   262 |       ||   262
       Rapier            |       |       |   143 |   120 ||   263
  Use: Scroll            |       |       |    19 |     2 ||    21
 Stab: Confused          |     1 |     1 |     3 |       ||     5
       Paralysed         |       |     4 |    19 |       ||    23

Vault maps used:
D:1:      onia_arrival_mini_spirals
D:2:      nicolae_ru_the_path_less_chosen, gammafunk_temple_overflow_wave
D:3:      lemuel_upstairs_altar, okawaru_trees_2, lemuel_crystal_altar,
          kennysheep_doodads, st_stairs_3
D:4:      lemuel_crystal_altar, minmay_temple_entry_enclosed_plants,
          first_bread, kennysheep_decorative_pillar, uniq_grinder
D:5:      fedhas_altar_1, uniq_sigmund
D:6:      hangedman_decor_peaks_small, grunt_tough_drop
D:7:      basic_altar, the_bakery, kennysheep_generic_room_7
D:8:      lemuel_crystal_altar, lair_0_dummy, nicolae_tso_carved_into_rock
D:9:      grunt_ministairs_6, uniq_grum, uniq_erolcha
D:10:     orc_0_dummy, minmay_joined_circles
